 Dungeon Crawl Stone Soup version 0.30-a0-748-ge6a52f7cba (webtiles) character file.

Game seed: 9945462989622576406

426 PlagueLord the Ducker (level 6, -2/51 HPs)
             Began as a Ghoul Gladiator on Feb 8, 2023.
             Slain by Grinder (4 damage)
             ... on level 4 of the Dungeon.
             The game lasted 00:27:19 (2296 turns).

PlagueLord the Ducker (Ghoul Gladiator)             Turns: 2296, Time: 00:27:20

Health: -2/51      AC:  7    Str: 20    XL:     6   Next: 97%
Magic:  5/5        EV: 10    Int:  9    God:
Gold:   141        SH:  7    Dex: 10    Spells: 5/5 levels left

rFire   . . .      SeeInvis .    k - +2 short sword (protect)
rCold   + + .      Faith    .    s - +0 kite shield
rNeg    + + +      Spirit   .    r - +0 ring mail
rPois   ∞          Reflect  .    b - +0 helmet
rElec   .          Harm     .    (no cloak)
rCorr   .          Rampage  .    n - +0 pair of gloves
Will    .....                    (no boots) Stlth
                                 (no amulet)
HPRegen 0.00/turn                t - ring of protection from cold
MPRegen 0.09/turn                u - +6 ring of intelligence

@: inhibited regen
A: claws 1, cold resistance 1, negative energy resistance 3, inhibited
regeneration, torment resistance 2, devour on kill
a: no special abilities


You were on level 4 of the Dungeon.
You visited 1 branch of the dungeon, and saw 5 of its levels.

You collected 141 gold pieces.

Inventory:

Hand Weapons
 a - a +1 whip of distortion
 g - a +1 hammer of protection
 h - a +1 short sword of freezing
 j - a +0 hammer of venom
 k - a +2 short sword of protection (weapon)
Missiles
 c - 3 throwing nets (quivered)
 d - a javelin
 i - 30 stones
 m - 2 poisoned darts
Armour
 b - a +0 helmet (worn)
 n - a +0 pair of gloves (worn)
 o - a +0 scale mail
 r - a +0 ring mail (worn)
 s - a +0 kite shield (worn)
Magical Staves
 w - a staff of earth
Jewellery
 t - a ring of protection from cold (left hand)
 u - a +6 ring of intelligence (right hand)
Scrolls
 e - a scroll of identify
 p - a scroll of fog {unknown}
Potions
 l - a potion of curing
 v - a potion of brilliance


   Skills:
 + Level 3.2 Fighting
 + Level 3.4 Short Blades
 + Level 1.9 Throwing
 + Level 2.4 Armour
 + Level 3.9 Dodging
 + Level 0.1 Stealth
 + Level 1.2 Shields
 + Level 3.7 Unarmed Combat


You had 5 spell levels left.
You didn't know any spells.
Your spell library contained the following spells:

 Spells                   Type           Power      Damage    Failure   Level
 Necrotise                Necr           0%         1d4       93%         1
 Slow                     Hex            0%         N/A       93%         1
 Confusing Touch          Hex            0%         N/A       100%        3
 Vampiric Draining        Necr           0%         2d6       100%        3
 Agony                    Necr           0%         N/A       100%        5


Dungeon Overview and Level Annotations

Branches:
Dungeon (5/15)
 Temple: D:4-7

Altars:
Hepliaklqana
Kikubaaqudgha

Annotations:
D:4 Grinder
D:5 Menkaure


Innate Abilities, Weirdness & Mutations

You are immune to poison.
You have sharp fingernails.
Your flesh is cold resistant. (rC+)
You are immune to negative energy. (rN+++)
You do not regenerate when monsters are visible.
You are immune to unholy pain and torment.
You thrive by killing the living.


Message History

The necrophage closely misses you.
You closely miss the necrophage.
The necrophage is almost destroyed.
You block the necrophage's attack.
You hit the necrophage.
The necrophage is almost destroyed.
You block the necrophage's attack.
You hit the necrophage.
The necrophage is almost destroyed.
The necrophage barely misses you.
You completely miss the necrophage.
The necrophage is almost destroyed.
The necrophage hits you but does no damage.
You hit the necrophage.
The necrophage is almost destroyed.
The necrophage hits you but does no damage.
You barely miss the necrophage.
The necrophage is almost destroyed.
The necrophage hits you but does no damage.
You puncture the necrophage!
You destroy the necrophage!
p - a scroll labelled APOICU XESOETZ
There are no items here.
Found 2 smoky cyan potions.
Grinder comes into view.
Grinder hits you!
* * * LOW HITPOINT WARNING * * *
Grinder attacks as you move away! Grinder barely misses you.
Grinder attacks as you move away! You block Grinder's attack.
Found a triangular golden amulet.
As you read the scroll labelled SEM ESYITWIU, it crumbles to dust.
You assume a fearsome visage.
Grinder resists with some effort.
It was a scroll of fear.
Grinder hits you!
* * * LOW HITPOINT WARNING * * *
There are no items here.
You see here 2 smoky cyan potions.
Grinder attacks as you move away! Grinder hits you.
* * * LOW HITPOINT WARNING * * *
Grinder attacks as you move away! Grinder hits you.
You die...

#.......# #.....#.#
#.....#.# #.#
#.#.###.####
#.#.###.#.........
#..........###.##
#.#.######.###.####
#.#.######........###.#
##.............5@..."...
.....##########.########
...# #.# ##.# #.# #.#
#.# #.# #.# ##.# #.#
...# #.# ...#


You could see Grinder.

Vanquished Creatures
  A steam dragon (D:4)
  A necrophage (D:4)
  A scorpion (D:4)
  Jessica (D:2)
  An iguana (D:5)
  6 adders
  5 worms
  A dart slug (D:2)
  2 orcs (D:3)
  2 endoplasms
  3 giant cockroaches
  10 hobgoblins
  2 quokkas
  4 ball pythons
  2 bats (D:1)
  3 frilled lizards
  4 goblins
  5 kobolds
  10 rats
64 creatures vanquished.

Vanquished Creatures (others)
  A human (D:4)
  2 fungi (D:3)
3 creatures vanquished.

Grand Total: 67 creatures vanquished

Notes
Turn   | Place    | Note
-------+----------+-------------------------------------------
     0 | D:1      | PlagueLord the Ghoul Gladiator began the quest for the Orb.
     0 | D:1      | Reached XP level 1. HP: 17/17 MP: 0/0
    47 | D:1      | :help
   144 | D:2      | Reached XP level 2. HP: 8/24 MP: 1/1
   358 | D:1      | Reached XP level 3. HP: 7/29 MP: 2/2
   611 | D:2      | Noticed Jessica
   625 | D:2      | Killed Jessica
   626 | D:2      | Reached skill level 1 in Short Blades
   626 | D:2      | Reached skill level 1 in Armour
   626 | D:2      | Reached XP level 4. HP: 35/37 MP: 3/3
  1226 | D:3      | Found a hazy altar of Hepliaklqana.
  1477 | D:3      | Reached XP level 5. HP: 38/42 MP: 4/4
  1828 | D:4      | Noticed a steam dragon
  1846 | D:4      | Killed a steam dragon
  1847 | D:4      | Reached XP level 6. HP: 31/51 MP: 5/5
  1855 | D:4      | Found an ancient bone altar of Kikubaaqudgha.
  1858 | D:4      | Noticed a human
  1863 | D:4      | Killed a human
  2059 | D:5      | Entered Level 5 of the Dungeon
  2119 | D:5      | Noticed Menkaure
  2199 | D:5      | Reached skill level 1 in Shields
  2288 | D:4      | Noticed Grinder
  2295 | D:4      | HP: 2/51 [Grinder (2)]
  2296 | D:4      | Slain by Grinder

Illustrated notes

........♣♣♣......♣
..####...♣♣∩...∩♣...#
##..♣♣♣∩∩∩♣♣ ..
#...♣♣♣♣♣♣
#.....♣♣♣..
#...>.....>..
###..##......
#######:.## ......
#......@.# .....
#........# .####
#....###.# . #....
#.# .# #### ... ....
.... ...#


Turn 47 on D:1: :help

Levels and vault maps discovered:
D:1:      heliophobic_arrival_henge, layout_rooms, minmay_tall_x
D:2:      layout_loops_ring, uniq_jessica
D:3:      layout_loops_ring, mainiacjoe_overflow_brackets,
          uniq_crazy_yiuf_cottage
D:4:      layout_loops_ring, tgw_kikubaaqudgha, uniq_grinder
D:5:      layout_basic, uniq_menkaure

Skill      XL: |  1  2  3  4  5  6 |
---------------+-------------------+-----
Dodging        | 3 |  3.9
Short Blades   | 1 3 |  3.4
Armour         | 1 2 |  2.4
Fighting       | 3 |  3.2
Shields        | 1 |  1.2
Throwing       | |  1.9
Stealth        | |  0.1
Unarmed Combat | |  3.7

Action                     |  1- 3 |  4- 6 || total
---------------------------+-------+-------++-------
  Melee: Unarmed           |    29 |       ||    29
         Short sword       |   108 |   264 ||   372
         Punch             |     3 |       ||     3
    Use: Potion            |       |     8 ||     8
         Scroll            |       |     4 ||     4
 Armour: Leather armour    |    70 |       ||    70
         Scale mail        |     9 |    23 ||    32
         Ring mail         |       |   127 ||   127
  Dodge: Dodged            |   167 |   128 ||   295
  Block: Kite shield       |       |    77 ||    77

Table legend: (Time is in decaauts)
 A = Elapsed time spent in this place.
 B = Non-inter-level travel time spent in this place.
 C = Inter-level travel time spent in this place.
 D = Time resting spent in this place.
 E = Time spent auto-exploring this place.
 F = Levels seen in this place.
 G = Mean time per level.
                   A        B        C        D        E       F      G
               +--------+--------+--------+--------+--------+-----+--------+
         Total |   2268 |   2268 |      0 |      0 |      0 |   5 |  453.6 |
       Dungeon |   2268 |   2268 |      0 |      0 |      0 |   5 |  453.6 |
               +--------+--------+--------+--------+--------+-----+--------+

Top non-repeatable levels by time:
     D:1: 739 daAuts
     D:3: 494 daAuts
     D:2: 455 daAuts
     D:4: 418 daAuts
     D:5: 161 daAuts
